 Dungeon Crawl Stone Soup version 0.27-a0-869-g165b36e3f0 (webtiles) character file.

Game seed: 7491219466913065465

66241 polve the Alchemist (level 14, -4/116 HPs)
             Began as a Purple Draconian Transmuter on Apr 2, 2021.
             Was a High Priest of Jiyva.
             Slain by an ettin
             ... wielding a +0 dire flail
              (31 damage)
             ... on level 12 of the Dungeon.
             The game lasted 01:04:35 (38125 turns).

polve the Alchemist (Purple Draconian Transmuter)  Turns: 38125, Time: 01:04:35

Health: -4/116     AC: 12    Str: 10    XL:     14   Next: 78%
Magic:  23/27      EV: 16    Int: 24    God:    Jiyva [*****.]
Gold:   1951       SH:  0    Dex: 15    Spells: 4/21 levels left

rFire    . . .     SeeInvis .     - Unarmed
rCold    + . .     Faith    .   (no shield)
rNeg     . . .     Spirit   .   (armour unavailable)
rPois    .         Reflect  .   (helmet currently unavailable)
rElec    .         Harm     .   E - +2 cloak {rCorr}
rCorr    +         Rampage  .   m - +0 pair of gloves
Will     ++...                  (boots currently unavailable)
Stlth    +.........             L - amulet of regeneration
HPRegen  1.29/turn              X - +6 ring of intelligence
MPRegen  0.20/turn              R - ring of Qosycoel {+Blink +Fly rC+ MP+9}

@: appendages, slimy, flying
A: horns 2, talons 2, breathe power, AC +8, unfitting armour, cold-blooded, low
mp 1, acidic bite, tendrils
a: Breathe Dispelling Energy, End Transformation, Renounce Religion, Evoke
Blink, Request Jelly, Slimify, Cure Bad Mutation


You were on level 12 of the Dungeon.
You worshipped Jiyva.
Jiyva was extremely pleased with you.
You had temporarily grown beastly horns and talons.
You visited 3 branches of the dungeon, and saw 19 of its levels.
You also visited: Ice Cave.

You collected 2511 gold pieces.
You spent 560 gold pieces at shops.

Inventory:

Missiles
 a - 7 curare-tipped darts
 z - 3 throwing nets
 S - 3 atropa-tipped darts
Armour
 m - a +0 pair of gloves (worn)
 C - a scarf of repulsion
 E - a +2 cloak of preservation (worn)
 I - a +0 pair of boots (melded)
Jewellery
 b - a ring of protection from fire
 w - a ring of poison resistance
 L - an amulet of regeneration (around neck)
 Q - a ring of ice
 R - the ring of Qosycoel (right hand) {+Blink +Fly rC+ MP+9}
   (You bought it in a shop on level 7 of the Dungeon)

   [ring of magical power]

   It protects you from cold.
   It affects your magic capacity (+9).
   It grants you flight.
   It lets you blink.
 X - a +6 ring of intelligence (left hand)
Wands
 f - a wand of digging (7)
 g - a wand of polymorph (19)
 k - a wand of iceblast (17)
 q - a wand of acid (14)
 r - a wand of paralysis (9)
 u - a wand of random effects (32)
 D - a wand of flame (35)
Scrolls
 c - 4 scrolls of enchant weapon
 d - a scroll of amnesia
 h - a scroll of silence
 i - 3 scrolls of summoning
 j - a scroll of fog {unknown}
 o - 4 scrolls of enchant armour
 t - a scroll of blinking
 v - a scroll of fear
 y - 8 scrolls of teleportation
 A - a scroll of brand weapon
 G - 2 scrolls of magic mapping
Potions
 e - 5 potions of brilliance
 l - a potion of invisibility
 n - 2 potions of ambrosia
 s - 2 potions of might
 H - 5 potions of curing
 K - 2 potions of flight
 O - 2 potions of cancellation


   Skills:
 + Level 8.4 Fighting
 - Level 8.0 Dodging
 + Level 12.1 Unarmed Combat
 - Level 4.0 Spellcasting
 - Level 6.0 Hexes
 - Level 3.0 Translocations
 - Level 15.1 Transmutations
 - Level 6.0 Air Magic
 - Level 8.0 Evocations


You had 4 spell levels left.
You knew the following spells:

 Your Spells              Type           Power      Damage    Failure   Level
a - Beastly Appendage     Tmut           100%       N/A       1%          1
b - Hydra Form            Tmut           33%        N/A       1%          5
c - Spider Form           Tmut/Pois      20%        N/A       1%          3
d - Tukima's Dance        Hex            33%        N/A       2%          3
s - Swiftness             Air            33%        N/A       1%          2
t - Apportation           Tloc           38%        N/A       2%          1
w - Wereblood             Tmut           67%        N/A       1%          2

Your spell library contained the following spells:

 Spells                   Type           Power      Damage    Failure   Level
 Shock                    Conj/Air       76%        1d7       2%          1
 Corpse Rot               Necr/Air       N/A        N/A       4%          2
 Ice Form                 Ice/Tmut       41%        N/A       4%          4
 Dazzling Flash           Conj/Hex       38%        N/A       9%          3
 Lesser Beckoning         Tloc           9%         N/A       9%          3
 Static Discharge         Conj/Air       19%        N/A       9%          3
 Summon Guardian Golem    Hex/Summ       19%        N/A       9%          3
 Airstrike                Air            16%        N/A       9%          4
 Magic Dart               Conj           16%        1d3       10%         1
 Summon Small Mammal      Summ           16%        N/A       10%         1
 Call Imp                 Summ           4%         N/A       14%         2
 Searing Ray              Conj           8%         3d3       14%         2
 Sublimation of Blood     Necr           2%         N/A       14%         2
 Call Canine Familiar     Summ           4%         N/A       28%         3
 Fulminant Prism          Conj/Hex       9%         3d7       28%         4
 Summon Lightning Spire   Summ/Air       19%        N/A       28%         4
 Iskenderun's Mystic Bla  Conj/Tloc      12%        2d5       45%         4
 Dispel Undead            Necr           4%         3d7       67%         4
 Summon Ice Beast         Ice/Summ       4%         N/A       67%         4
 Alistair's Intoxication  Tmut/Pois      27%        N/A       12%         5
 Lightning Bolt           Conj/Air       9%         1d22      61%         5
 Invisibility             Hex            33%        N/A       77%         6
 Agony                    Necr           4%         N/A       95%         5
 Bolt of Magma            Conj/Fire/Erth 2%         4d4       95%         5
 Excruciating Wounds      Necr           2%         N/A       95%         5
 Iskenderun's Battlesphe  Conj           4%         2d6       95%         5
 Iron Shot                Conj/Erth      2%         9d2       100%        6
 Orb of Destruction       Conj           2%         9d1       100%        7
 Spellforged Servitor     Conj/Summ      2%         N/A       100%        7


Dungeon Overview and Level Annotations

Branches:
Dungeon (12/15)            Temple (0/1) D:4            Lair (6/6) D:8
 Shoals (0/4) Lair:4        Snake (1/4) Lair:2        Slime (0/5) Lair:5
    Orc (0/2) D:11          IceCv (visited)

Altars:
Ashenzari
Elyvilon
Gozag
Makhleb
Okawaru
Uskayaw
The Shining One
Jiyva

Shops:
D:7 ==[   D:10 *


Innate Abilities, Weirdness & Mutations

You have temporarily grown beastly horns and talons.
You can breathe bolts of dispelling energy.
Your rich purple scales are hard. (AC +8)
You cannot fit into any form of body armour.
You are cold-blooded and may be slowed by cold attacks.
Your magical capacity is low. (-10% MP)
You have acidic saliva.
You are covered in slimy tendrils that may disarm your opponents.


Message History

You hit the boulder beetle but do no damage.
You claw the boulder beetle, but do no damage.
You bite the boulder beetle, but do no damage.
The boulder beetle is moderately wounded.
You hit the boulder beetle but do no damage.
You claw the boulder beetle, but do no damage.
You headbutt the boulder beetle, but do no damage.
The boulder beetle is moderately wounded.
The boulder beetle bites you!! The boulder beetle barely misses you.
You hear a distant slurping noise.
Jiyva appreciates your sacrifice.
You feel your power returning.
You feel better.
You hear a squelching noise.
You hit the boulder beetle.
You claw the boulder beetle, but do no damage.
You headbutt the boulder beetle, but do no damage.
The boulder beetle is moderately wounded.
The boulder beetle bites you.
You barely miss the boulder beetle.
You claw the boulder beetle, but do no damage.
You headbutt the boulder beetle. Your punch misses the boulder beetle.
The boulder beetle is moderately wounded.
The boulder beetle leaps!
An ettin comes into view. It is wielding two +0 dire flails.
A death knight comes into view. It is wielding a +4 broad axe.
The ettin misses you. The ettin closely misses you.
The boulder beetle curls into a ball and begins rolling!
You have got your breath back.
The ettin hits you with a +0 dire flail!
* * * LOW HITPOINT WARNING * * *
The ettin hits you with a +0 dire flail.
* * * LOW HITPOINT WARNING * * *
The death knight invokes the aid of Yredelemnul against you.
You easily resist.
A thick mucus forms on your hands.
The death knight offers itself to Yredelemnul, and fills with unholy energy.
The ettin closely misses you.
The ettin hits you with a +0 dire flail!!
You die...

#######B.#
.........#
°B...○○..#
#######○.# .
#B.#
##.######..#
...........#
#.p....C..#
#.......@.J#
#.########.#
# #.
.........#
### ##..
.........#
..###...
########.#
......# #.#
......###
#######.#
.........
........#
.........
........#


You could see a death knight (reflects damage), a boulder beetle, an ettin and a
neutral jelly (wandering) (fellow slime).

Vanquished Creatures
  A fire dragon (Lair:6)
  Fannar (D:11)
  A catoblepas (D:8)
  2 hydras (Lair:6)
  2 ice dragons (IceCv)
  2 two-headed ogres (D:11)
  An ogre mage (D:11)
  5 lindwurms
  A deep elf pyromancer (D:12)
  2 ice statues (IceCv)
  A merfolk siren (Lair:4)
  12 elephants
  2 molten gargoyles (Lair:6)
  3 black mambas (Lair:6)
  11 cane toads
  Maggie (D:7)
  3 rime drakes
  10 komodo dragons
  2 polar bears
  4 trolls
  15 blink frogs
  3 shadows
  2 centaur simulacra (D:10)
  A redback (D:8)
  7 wyverns
  A wraith (D:10)
  Eustachio (D:5)
  48 yaks
  5 basilisks (Lair:6)
  4 steam dragons
  A naga (Lair:2)
  5 hell hounds (Lair:6)
  11 water moccasins
  2 sky beasts
  A black bear (D:8)
  6 orc warriors
  17 ice beasts
  10 wolves
  4 centaurs
  A necrophage (D:7)
  2 kobold brigands
  Blork the orc (D:5)
  11 bullfrogs
  4 gnoll sergeants
  2 wyvern zombies
  5 scorpions
  A water moccasin skeleton (D:6)
  7 killer bees
  5 wights
  4 electric eels (D:10)
  3 howler monkeys
  3 centaur zombies
  4 jellies
  5 lava snakes (Lair:6)
  3 gnoll shamans
  Crazy Yiuf (D:7)
  2 centaur skeletons (D:5)
  3 hounds
  7 orc priests
  2 bullfrog skeletons
  4 iguanas
  Terence (D:3)
  A scorpion zombie (D:5)
  14 orc wizards
  5 hell rats (Lair:6)
  2 hound skeletons
  A howler monkey zombie (D:8)
  6 adders
  22 gnolls
  8 white imps
  3 worms
  2 dart slugs
  55 orcs
  3 bats
  10 endoplasms
  7 giant cockroaches
  8 goblins
  6 hobgoblins
  4 jackals (D:2)
  18 kobolds
  3 quokkas
  3 ball pythons
  2 frilled lizards
  4 rats
  A bush (D:9)
480 creatures vanquished.

Vanquished Creatures (others)
  A cane toad (Lair:6)
  A polar bear (Lair:6)
  A wind drake (shapeshifter) (D:12)
  4 slime creatures (D:12)
  A yak (Lair:6)
  An acid dragon (D:12)
  A water moccasin (shapeshifter) (D:12)
  18 jellies
  2 hell rats (Lair:6)
  An orc (D:8)
  102 fungi
  93 plants
226 creatures vanquished.

Grand Total: 706 creatures vanquished

Notes
Turn   | Place    | Note
-------+----------+-------------------------------------------
     0 | D:1      | polve the Draconian Transmuter began the quest for the Orb.
     0 | D:1      | Reached XP level 1. HP: 16/16 MP: 3/3
   130 | D:1      | Reached XP level 2. HP: 15/23 MP: 3/5
   765 | D:1      | Reached XP level 3. HP: 29/29 MP: 4/6
  1627 | D:2      | Reached XP level 4. HP: 33/37 MP: 5/7
  1982 | D:3      | Found a broken altar of Ashenzari.
  2043 | D:3      | Reached skill level 5 in Unarmed Combat
  2259 | D:3      | Reached XP level 5. HP: 37/45 MP: 6/8
  2331 | D:3      | Found a glowing golden altar of the Shining One.
  2405 | D:3      | Noticed Sigmund
  2407 | D:3      | Noticed Sigmund
  2407 | D:3      | Sigmund changed into Sigmund the jelly
  2870 | D:3      | Noticed Terence
  2880 | D:3      | Killed Terence
  3399 | D:3      | Killed Sigmund the jelly
  3640 | D:4      | Found a white marble altar of Elyvilon.
  3801 | D:4      | Found a hide-covered altar of Uskayaw.
  3801 | D:4      | Found an opulent altar of Gozag.
  3948 | D:4      | Reached XP level 6. HP: 49/52 MP: 7/9
  3996 | D:4      | Found a staircase to the Ecumenical Temple.
  4645 | D:5      | Entered Level 5 of the Dungeon
  5416 | D:5      | Noticed a water moccasin
  5428 | D:5      | Killed a water moccasin
  5429 | D:5      | Your scales start taking on a rich purple colour.
  5429 | D:5      | Reached XP level 7. HP: 28/60 MP: 10/10
  5453 | D:5      | Noticed Eustachio
  5535 | D:5      | Killed Eustachio
  5536 | D:5      | Reached skill level 5 in Fighting
  5760 | D:5      | Noticed Blork the orc
  5784 | D:5      | Killed Blork the orc
  6021 | D:5      | Reached XP level 8. HP: 31/70 MP: 9/11
  8218 | D:6      | Reached skill level 10 in Unarmed Combat
  8631 | D:6      | Reached XP level 9. HP: 76/79 MP: 10/12
  8730 | D:7      | Found Eblid's Jewellery Boutique.
  8971 | D:7      | Found Hazog's Jewellery Boutique.
  8972 | D:7      | Noticed Maggie
  8997 | D:7      | Killed Maggie
 10199 | D:7      | Found a runed translucent door.
 10199 | D:7      | Noticed Crazy Yiuf
 10225 | D:7      | Found Ziew's Antique Armour Boutique.
 10599 | D:7      | Found an iron altar of Okawaru.
 10826 | D:7      | Killed Crazy Yiuf
 10920 | D:8      | Learned a level 2 spell: Wereblood
 10957 | D:8      | Noticed a komodo dragon
 10976 | D:8      | Killed a komodo dragon
 10977 | D:8      | Reached skill level 1 in Evocations
 11680 | D:8      | Found a staircase to the Lair.
 11698 | D:8      | Reached XP level 10. HP: 72/88 MP: 11/13
 12791 | D:8      | Reached skill level 5 in Evocations
 13021 | D:8      | Noticed a two-headed ogre
 13075 | D:8      | a two-headed ogre changed into a redback
 13081 | D:8      | Reached skill level 3 in Transmutations
 13673 | Lair:1   | Entered Level 1 of the Lair of Beasts
 13705 | Lair:1   | Noticed a catoblepas
 13732 | D:8      | Reached skill level 4 in Transmutations
 14085 | D:9      | Reached skill level 5 in Transmutations
 14246 | D:9      | Reached skill level 6 in Transmutations
 14257 | D:9      | Learned a level 2 spell: Swiftness
 14261 | D:9      | Learned a level 3 spell: Spider Form
 14267 | D:9      | Learned a level 5 spell: Hydra Form
 14339 | D:9      | Reached skill level 7 in Transmutations
 14561 | D:9      | Identified the +8 hand crossbow "Killer Bee's Bane" {penet,
                  | rF+ Will++ MP-9}
 15004 | D:10     | Entered Level 10 of the Dungeon
 15190 | D:10     | Reached skill level 8 in Transmutations
 15442 | D:10     | Found Loamahie's Hallowed Reliquary.
 15444 | D:10     | Noticed an angel
 15464 | D:10     | Found a burning altar of Makhleb.
 15945 | D:10     | Reached skill level 9 in Transmutations
 15945 | D:10     | Reached XP level 11. HP: 81/94 MP: 10/14
 16137 | D:10     | Reached skill level 1 in Air Magic
 16783 | D:11     | Noticed an ogre mage
 16784 | D:11     | Noticed a two-headed ogre
 17209 | D:11     | Noticed a two-headed ogre
 17229 | D:11     | Killed a two-headed ogre
 17230 | D:11     | Reached skill level 5 in Air Magic
 17278 | D:11     | Noticed Fannar
 17294 | D:11     | Killed Fannar
 17385 | D:11     | Paralysed by something for 2 turns
 17387 | D:11     | Killed an ogre mage
 17445 | D:11     | Found a staircase to the Orcish Mines.
 17545 | D:11     | Reached skill level 10 in Transmutations
 17721 | D:11     | Killed a two-headed ogre
 17884 | D:7      | Bought the ring of Qosycoel {+Blink +Fly rC+ MP+9} for 560
                  | gold pieces
 18725 | Lair:1   | Reached XP level 12. HP: 19/101 MP: 15/15
 19733 | Lair:2   | Reached skill level 5 in Dodging
 20235 | Lair:2   | Found a staircase to the Snake Pit.
 20921 | Lair:3   | Found the +7 captain's cutlass {speed, disarm}
 20943 | Lair:3   | Reached skill level 11 in Transmutations
 21204 | Lair:3   | Reached skill level 12 in Transmutations
 21211 | Lair:3   | Reached XP level 13. HP: 75/107 MP: 16/16
 21576 | Snake:1  | Entered Level 1 of the Snake Pit
 22062 | Lair:3   | Identified a scroll of acquirement
 22076 | Lair:3   | Acquired 753 gold pieces
 22083 | Lair:3   | Reached skill level 14 in Transmutations
 22083 | Lair:3   | Reached XP level 14. HP: 115/115 MP: 17/17
 22816 | Lair:4   | Found a staircase to the Shoals.
 23585 | Lair:5   | Found a frozen archway.
 23624 | Lair:5   | Found a staircase to the Slime Pits.
 23625 | Lair:5   | Found a viscous altar of Jiyva.
 23636 | IceCv    | Entered an ice cave
 24220 | IceCv    | Reached skill level 15 in Transmutations
 24443 | Lair:5   | Learned a level 1 spell: Apportation
 24449 | Lair:5   | Learned a level 3 spell: Tukima's Dance
 24449 | Lair:5   | Became a worshipper of Jiyva Jumucok the Shapeless
 24477 | Lair:5   | Reached * piety under Jiyva
 24591 | Lair:5   | Reached ** piety under Jiyva
 25044 | Lair:6   | Entered Level 6 of the Lair of Beasts
 25298 | Lair:6   | Reached skill level 1 in Hexes
 25298 | Lair:6   | Reached skill level 1 in Translocations
 26030 | Lair:6   | Reached skill level 5 in Hexes
 26270 | Lair:6   | Found a large runed translucent door.
 26270 | Lair:6   | Found a large runed translucent door.
 27963 | D:7      | Reached *** piety under Jiyva
 28026 | D:7      | Gained mutation: You have very sharp teeth. [Jiyva's grace]
 30379 | D:4      | Gained mutation: You are covered in slimy tendrils that may
                  | disarm your opponents. [Jiyva's grace]
 31095 | D:6      | Reached **** piety under Jiyva
 34537 | Snake:1  | Lost mutation: You have very sharp teeth. [Jiyva's grace]
 34813 | D:6      | Reached ***** piety under Jiyva
 34813 | D:6      | Gained mutation: You have acidic saliva. [Jiyva's grace]
 38029 | D:12     | Gained mutation: Your magical capacity is low. (-10% MP)
                  | [Jiyva's grace]
 38125 | D:12     | Slain by an ettin

Illustrated notes

Levels and vault maps discovered:
D:1:      matt_arrival_refuge, layout_rooms, minmay_statues_item, minmay_vboxes
D:2:      minmay_evil_eye, layout_basic
D:3:      layout_basic, lemuel_tele_altar, ashenzari_conservatory_becter,
          uniq_terence, uniq_sigmund
D:4:      layout_cave_pods, elyvilon_altar_1, minitemple,
          minmay_temple_entry_offerings
D:5:      layout_basic, dk_vineyard_2, uniq_eustachio, uniq_blork_the_orc
D:6:      layout_basic, minmay_misc_feat_roman
D:7:      layout_layer_cave, kennysheep_mini, serial_shops, shop, shop,
          shop_fountains, uniq_crazy_yiuf_cottage, uniq_maggie
D:8:      minmay_bubble_buster, layout_cave_pods,
          grunt_lair_entry_orc_guard_hut, minmay_door_square
D:9:      layout_basic, kb_lookout_dungeons_type
D:10:     layout_loops_ring, overflow_temple_1_default, serial_ice,
          serial_ice_f, serial_ice_a, serial_ice_l, serial_ice_b, serial_ice_o,
          serial_ice_h, serial_bayou_ford_a, nicolae_good_shop
D:11:     layout_irregular_city, orc_david_3, lightli_fourway_metalbox,
          uniq_fannar
D:12:     layout_long_grid, minmay_checkered_concentric_circles
Lair:1:   layout_chaotic_city, lemuel_fruit_tree
Lair:2:   layout_small_grid, guppyfry_snake_entry_island
Lair:3:   layout_big_grid, minmay_lindwurm_lava, grunt_megastairs_3
Lair:4:   layout_cave_pods, minmay_shoals_entry_lonely_mermaid
Lair:5:   layout_layer_cave, slime_altar_1, portal_ice_cave_entry_pillars_1
Lair:6:   cheibrodos_lair_end_hotspot, layout_long_grid
Snake:1:  layout_misc_corridors, serial_bayou_shore_b, minmay_shoptagon,
          serial_bayou_shore_a, serial_bayou_shore_b, grunt_megastairs_4

Skill      XL: |  1  2  3  4  5  6  7  8  9 10 11 12 13 14 |
---------------+-------------------------------------------+-----
Fighting       | 2 3 4 5 7 8 |  8.4
Unarmed Combat | 4 5 7 8 10 12 | 12.1
Evocations     | 4 5 8 |  8.0
Transmutations | 9 10 12 14 15 | 15.1
Air Magic      | 6 |  6.0
Dodging        | 8 |  8.0
Hexes          | 6 |  6.0
Translocations | 3 |  3.0
Spellcasting   | 4 |  4.0

Action                   |  1- 3 |  4- 6 |  7- 9 | 10-12 | 13-15 || total
-------------------------+-------+-------+-------+-------+-------++-------
Melee: Unarmed           |   120 |   191 |   355 |   847 |   623 ||  2136
       Kick              |    18 |    41 |    58 |   168 |   144 ||   429
       Headbutt          |    16 |    24 |    40 |   119 |    93 ||   292
       Tailslap          |    10 |    23 |    38 |    89 |    77 ||   237
       Punch             |     1 |     3 |    12 |    46 |    32 ||    94
       Bite              |       |       |       |       |     5 ||     5
 Cast: Beastly Appendage |    28 |    37 |    44 |    72 |    29 ||   210
       Wereblood         |       |       |       |    15 |    16 ||    31
       Swiftness         |       |       |       |     5 |     2 ||     7
       Spider Form       |       |       |       |     4 |       ||     4
       Hydra Form        |       |       |       |     2 |     7 ||     9
Invok: Request Jelly     |       |       |       |       |    29 ||    29
       Slimify           |       |       |       |       |     1 ||     1
 Abil: Breathe Dispellin |       |       |    44 |    85 |    18 ||   147
       Evoke Blink       |       |       |       |     6 |       ||     6
       End Transformatio |       |       |       |     2 |     1 ||     3
Evoke: Wand              |       |     3 |       |     7 |       ||    10
  Use: Potion            |     2 |     1 |    11 |     3 |     6 ||    23
       Scroll            |       |       |       |       |    17 ||    17
 Stab: Sleeping          |     1 |     2 |       |       |       ||     3
Armor: Skin              |    27 |    35 |    87 |   270 |   226 ||   645
Dodge: Dodged            |    94 |   105 |   130 |   530 |   465 ||  1324
       Repelled          |       |       |     4 |     2 |       ||     6

Table legend: (Time is in decaauts)
 A = Elapsed time spent in this place.
 B = Non-inter-level travel time spent in this place.
 C = Inter-level travel time spent in this place.
 D = Time resting spent in this place.
 E = Time spent auto-exploring this place.
 F = Levels seen in this place.
 G = Mean time per level.
                   A        B        C        D        E       F      G
               +--------+--------+--------+--------+--------+-----+--------+
         Total |  37736 |  35855 |   1881 |  10503 |  19785 |  20 | 1886.8 |
       Dungeon |  29146 |  27731 |   1415 |  10498 |  13774 |  12 | 2428.8 |
          Lair |   7848 |   7382 |    466 |      5 |   5556 |   6 | 1308.0 |
     Snake Pit |      1 |      1 |      0 |      0 |      0 |   1 |    1.0 |
      Ice Cave |    739 |    739 |      0 |      0 |    454 |   1 |  739.0 |
               +--------+--------+--------+--------+--------+-----+--------+

Top non-repeatable levels by time:
     D:5: 5050 daAuts
     D:7: 4947 daAuts
     D:8: 4151 daAuts
     D:6: 4048 daAuts
     D:4: 3305 daAuts
  Lair:6: 1754 daAuts
  Lair:3: 1567 daAuts
    D:10: 1364 daAuts
  Lair:2: 1348 daAuts
     D:3: 1334 daAuts
     D:9: 1308 daAuts
    D:11: 1288 daAuts
     D:2: 1205 daAuts
  Lair:1: 1138 daAuts
  Lair:4: 1026 daAuts
